 Dungeon Crawl Stone Soup version 0.17-a0-18-gc25b939 (webtiles) character file.

826 Ngotmuk the Shield-Bearer (level 8, -1/61 HPs)
             Began as a Human Fighter on Mar 12, 2015.
             Was a Follower of Cheibriados.
             Slain by a wight
             ... wielding a +1 battleaxe
              (9 damage)
             ... on level 6 of the Dungeon.
             The game lasted 00:28:03 (4913 turns).

Ngotmuk the Shield-Bearer (Human Fighter)           Turns: 4913, Time: 00:28:03

Health: -1/61      AC:  6    Str: 20    XL:     8   Next: 17%
Magic:  7/7        EV: 10    Int: 15    God:    Cheibriados [*.....]
Gold:   136        SH: 11    Dex: 17    Spells: 0 memorised, 7 levels left

rFire  . . .     SeeInvis .     l - +0 war axe of Honour {elec, Contam rElec Int+4}
rCold  . . .     Clarity  .     v - +0 ring mail of Fedhas' Condemnation {+Fly MR+}
rNeg   + . .     SustAb   +     c - +1 shield
rPois  .         Gourm    .     (no helmet)
rElec  +         Spirit   .     (no cloak)
rCorr  .         Warding  .     (no gloves)
rMut   .         Stasis   .     (no boots)
MR     ++...                    (no amulet)
Stlth  +.........               j - ring of sustain abilities
                                a - ring of positive energy

@: drained, very slow, very resistant to hostile enchantments, very unstealthy
A: agile 1, low mp 1, magic resistance 1, regeneration 1
a: Bend Time, Renounce Religion, Evoke Flight


You were on level 6 of the Dungeon.
You worshipped Cheibriados.
Cheibriados was aware of your devotion.
You were full.

You visited 2 branches of the dungeon, and saw 7 of its levels.

You collected 136 gold pieces.

Inventory:

Hand weapons
 l - the +0 war axe of Honour (weapon) {elec, Contam rElec Int+4}
   (You found it on level 6 of the Dungeon)

   Occasionally, upon striking a foe, it will discharge some electrical energy
   and cause terrible harm.
   It affects your intelligence (+4).
   It insulates you from electricity.
   It causes magical contamination when unequipped.
 p - a +2 rapier of protection
Armour
 c - a +1 shield (worn)
 v - the +0 ring mail of Fedhas' Condemnation (worn) {+Fly MR+}
   (You found it on level 4 of the Dungeon)

   It affects your resistance to hostile enchantments.
   It lets you fly.
Jewellery
 a - a ring of positive energy (left hand)
 j - a ring of sustain abilities (right hand)
Magical devices
 e - a wand of digging (24)
Scrolls
 f - 3 scrolls of recharging
 h - 4 scrolls of teleportation
 i - a scroll of enchant armour
 k - 4 scrolls of remove curse
 o - 2 scrolls of identify
Potions
 b - 2 potions of agility {unknown}
 m - 2 potions of poison {unknown}
 r - a potion of cure mutation {unknown}
 s - a potion of heal wounds {unknown}
 t - 2 potions of flight {unknown}
Comestibles
 d - 6 bread rations
 g - 3 fruits


   Skills:
 + Level 4.8(4.4) Fighting
 + Level 2.6 Short Blades
   Level 2.2(2.4) Long Blades
 + Level 0.4(0.0) Axes
 + Level 5.1(4.7) Armour
 + Level 2.8(2.4) Dodging
 + Level 0.2(0.0) Stealth
 + Level 5.4(4.9) Shields


You had 7 spell levels left.
You didn't know any spells.

Dungeon Overview and Level Annotations

Branches:
Dungeon (6/15)             Temple (1/1) D:5

Altars:
Ashenzari
Cheibriados
Dithmenos
Elyvilon
Fedhas
Gozag
Kikubaaqudgha
Makhleb
Okawaru
Qazlal
Sif Muna
Trog
Vehumet
Xom
Yredelemnul
Zin
The Shining One

Annotations:
D:5 Uberwunderbarhen's ghost, experienced DEFE


Innate Abilities, Weirdness & Mutations

You are agile. (Dex +2)
Your magical capacity is low (-10% MP).
You are resistant to hostile enchantments.
Your natural rate of healing is unusually fast.


Message History

You slash the wight!
The wight is heavily damaged.
You block the wight's attack.
The wight hits you with an enchanted battleaxe.
* * * LOW HITPOINT WARNING * * *
You partially resist.
You feel drained.
You hit the wight but do no damage.
The wight is heavily damaged.
The wight hits you but does no damage. You block the wight's attack.
You block the wight's attack.
The wight hits you from afar with an enchanted trident.
* * * LOW HITPOINT WARNING * * *
You open the door.
The wight hits you with an enchanted battleaxe!
* * * LOW HITPOINT WARNING * * *
You block the wight's attack.
There is an open door here.
The wight completely misses you.
The wight hits you with an enchanted battleaxe!
You die...

##.###....##'####.### #####'##
#....#............... +......#
#....'..........(.... #......+
#....#............## ##....##
#...##..)###.###..##+###...)##
##..##...###.###..##..#......+
###'##....+...........#......#
.....((...#...........'.....##
......(...#.....@.##..##'####
..(.......#.....z.##'###....#
.....(....#....z..).............
##..##.?###..##'####............
#..##..###..##...##..##....##..
#............#.z.##..##....#
#......>.....#.......##....#
.............#........#.....
#.....<......z)........+..


You could see 2 wights.

Vanquished Creatures
  Menkaure (D:4)
  An ogre (D:5)
  A centaur (D:5)
  3 wights (D:6)
  2 hounds
  A jelly (D:5)
  A worker ant (D:4)
  Natasha (D:4)
  An iguana (D:6)
  10 adders
  4 gnolls (D:5)
  2 giant mites
  4 worms
  2 giant geckos
  An ooze (D:5)
  10 orcs
  10 bats
  2 giant cockroaches (D:1)
  15 goblins
  3 hobgoblins
  2 jackals (D:5)
  8 kobolds
  4 quokkas
  5 ball pythons
  A giant gecko skeleton (D:6)
  3 giant newts
  A quokka skeleton (D:4)
  8 rats
107 creatures vanquished.

Notes
Turn   | Place    | Note
--------------------------------------------------------------
     0 | D:1      | Ngotmuk, the Human Fighter, began the quest for the Orb.
     0 | D:1      | Reached XP level 1. HP: 18/18 MP: 1/1
   175 | D:1      | Reached XP level 2. HP: 24/24 MP: 2/2
   301 | D:1      | Reached XP level 3. HP: 27/29 MP: 3/3
   979 | D:2      | Reached XP level 4. HP: 27/35 MP: 4/4
  1665 | D:2      | Reached XP level 5. HP: 6/42 MP: 5/5
  1904 | D:3      | Found a basalt altar of Yredelemnul.
  1904 | D:3      | Found an iron altar of Okawaru.
  2131 | D:4      | Found a glowing golden altar of the Shining One.
  2131 | D:4      | Found a shadowy altar of Dithmenos.
  2153 | D:4      | Reached skill level 1 in Dodging
  2258 | D:4      | Reached skill level 4 in Fighting
  2386 | D:4      | Noticed Menkaure
  2399 | D:4      | Killed Menkaure
  2399 | D:4      | Reached skill level 1 in Short Blades
  2399 | D:4      | Reached XP level 6. HP: 5/48 MP: 6/6
  2669 | D:4      | Noticed Natasha
  2680 | D:4      | Killed Natasha
  2723 | D:4      | Found a bloodstained altar of Trog.
  2902 | D:4      | Got a scorched ring mail
  2913 | D:4      | Identified the cursed +0 ring mail of Fedhas' Condemnation {+Fly MR+} (You found it on level 4 of the Dungeon)
  3488 | D:5      | Entered Level 5 of the Dungeon
  3516 | D:5      | Noticed Uberwunderbarhen's ghost (experienced DEFE)
  3681 | D:5      | Reached XP level 7. HP: 28/55 MP: 7/7
  3822 | D:4      | Gained mutation: You are resistant to hostile enchantments. [potion of beneficial mutation]
  3916 | D:4      | Gained mutation: Your natural rate of healing is unusually fast. [potion of mutation]
  3916 | D:4      | Gained mutation: You are agile. (Dex +2) [potion of mutation]
  3916 | D:4      | Gained mutation: Your magical capacity is low (-10% MP). [potion of mutation]
  4007 | D:5      | Found a staircase to the Ecumenical Temple.
  4055 | Temple   | Entered the Ecumenical Temple
  4059 | Temple   | Became a worshipper of Cheibriados the Contemplative
  4269 | D:5      | Reached skill level 5 in Shields
  4704 | D:6      | Acquired Cheibriados' first power
  4754 | D:6      | Reached skill level 5 in Armour
  4777 | D:6      | Got a pitted war axe
  4778 | D:6      | Identified the +0 war axe of Honour {elec, Contam rElec Int+4} (You found it on level 6 of the Dungeon)
  4868 | D:6      | Reached XP level 8. HP: 61/61 MP: 7/7
  4913 | D:6      | Slain by a wight

Action                   |  1- 3 |  4- 6 |  7- 9 || total
-------------------------+-------+-------+-------++-------
Melee: Long sword        |    78 |     6 |       ||    84
       Rapier            |       |   241 |   136 ||   377
       War axe           |       |       |    24 ||    24
 Abil: Evoke Flight      |       |     1 |       ||     1
  Use: Potion            |       |     1 |     5 ||     6
       Scroll            |       |     6 |     2 ||     8
  Eat: Meat ration       |       |     2 |     1 ||     3
       Pizza             |       |     1 |       ||     1
       Fruit             |       |       |     2 ||     2
